 Dungeon Crawl Stone Soup version 0.22-a0-284-g99d1f74 (webtiles) character file.

4079 mhoghedin the Grappler (level 10, 0/83 HPs)
             Began as a Ghoul Monk on Mar 20, 2018.
             Was a Believer of Uskayaw.
             Slain by a two-headed ogre
             ... wielding a +0 giant club
              (20 damage)
             ... on level 9 of the Dungeon.
             The game lasted 00:16:49 (7673 turns).

mhoghedin the Grappler (Ghoul Monk)                 Turns: 7673, Time: 00:16:50

Health: 0/83       AC: 14    Str: 19    XL:     10   Next: 25%
Magic:  9/12       EV:  8    Int:  5    God:    Uskayaw [**....]
Gold:   475        SH:  2    Dex: 15    Spells: 9/9 levels left

rFire    . . .     SeeInvis .     - Unarmed
rCold    + . .     Gourm    .   (no shield)
rNeg     + + +     Faith    .   C - +0 plate armour
rPois    ∞         Spirit   .   (no helmet)
rElec    .         Reflect  +   q - +0 cloak
rCorr    .         Harm     .   (no gloves)
MR       +....                  j - +0 pair of boots
Stlth    ..........             l - +2 amulet of reflection
HPRegen  0.00/turn              E - ring of protection from magic {MR+, !d}
MPRegen  0.13/turn              F - +4 ring of dexterity

@: rotting
A: rotting body, claws 1, carnivore, cold resistance 1, negative energy
resistance 3, inhibited regeneration, torment resistance, unbreathing
a: Stomp, Line Pass, Renounce Religion


You were on level 9 of the Dungeon.
You worshipped Uskayaw.
Uskayaw was noncommittal.
You were not hungry.

You visited 2 branches of the dungeon, and saw 10 of its levels.

You collected 475 gold pieces.

Inventory:

Armour
 j - a +0 pair of boots (worn)
   (You found it on level 3 of the Dungeon)
 m - a +0 shield
   (You found it on level 3 of the Dungeon)
 q - a +0 cloak (worn)
   (You found it on level 3 of the Dungeon)
 C - a +0 plate armour (worn)
   (You found it on level 6 of the Dungeon)
Jewellery
 h - an uncursed ring of fire {rF+, rC-}
   (You found it on level 1 of the Dungeon)
 l - a +2 amulet of reflection (around neck)
   (You found it on level 1 of the Dungeon)
 E - a ring of protection from magic (left claw) {MR+, !d}
   (You found it on level 7 of the Dungeon)
 F - a +4 ring of dexterity (right claw)
   (You found it on level 7 of the Dungeon)
Wands
 y - a wand of enslavement (12)
   (You found it on level 5 of the Dungeon)
Scrolls
 a - 2 scrolls of identify
 o - 3 scrolls of enchant armour
 p - a scroll of magic mapping {!r}
 r - 3 scrolls of amnesia
 s - 3 scrolls of remove curse
 z - 2 scrolls of fear
 B - 2 scrolls of enchant weapon
Potions
 d - a potion of berserk rage {unknown}
 e - 3 potions of heal wounds {unknown}
 f - a potion of brilliance
 i - a potion of cancellation
 k - 5 potions of curing
 n - 3 potions of ambrosia {unknown}
 t - a potion of might {unknown}
 u - 3 potions of agility
 w - a potion of resistance
 D - 2 potions of lignification {unknown}
 G - a potion of flight {unknown}
Comestibles
 b - 18 rations
 c - 2 chunks of flesh {@w0}


   Skills:
 + Level 5.9 Fighting
 + Level 4.4 Armour
 + Level 5.3 Dodging
 - Level 2.1 Stealth
 + Level 11.9 Unarmed Combat
 + Level 5.3 Invocations


You had 9 spell levels left.
You didn't know any spells.

Dungeon Overview and Level Annotations

Branches:
Dungeon (9/15)             Temple (1/1) D:6
   Lair: D:8-11         Orc: D:9-12

Altars:
Ashenzari
Cheibriados
Dithmenos
Elyvilon
Fedhas
Gozag
Hepliaklqana
Kikubaaqudgha
Makhleb
Nemelex Xobeh
Okawaru
Qazlal
Ru
Sif Muna
Trog
Uskayaw
Vehumet
Wu Jian
Xom
Yredelemnul
Zin
The Shining One

Shops:
D:4 (

Annotations:
D:4 galech's ghost, amateur HOFi
D:6 exclusion: oklob plant


Innate Abilities, Weirdness & Mutations

Your body is rotting away.
You thrive on raw meat.
You are immune to poison.
You have sharp fingernails.
You are carnivorous and can eat meat at any time.
Your flesh is cold resistant. (rC+)
You are immune to negative energy. (rN+++)
You do not regenerate when monsters are visible.
You are immune to unholy pain and torment.
You can survive without breathing.


Message History

A sky beast is nearby!
Found a stone staircase leading down.
You scratch the sky beast.
The sky beast hits you but does no damage.
You scratch the sky beast. The sky beast closely misses you.
You claw the sky beast! The sky beast barely misses you.
Your plate armour prevents you from hitting the sky beast.
The sky beast hits you. The sky beast shocks you.
You take 8 damage, and have 75/83 hp.
You completely miss the sky beast. You barely miss the sky beast.
The sky beast barely misses you.
You claw the sky beast!
The sky beast flickers out of sight!
Deactivating autopickup; reactivate with Ctrl-A.
Something hits you but does no damage.
You can now pass through a line of other dancers.
You closely miss something. Something hits you but does no damage.
You miss something. Something hits you but does no damage.
You mangle something!!
Reactivating autopickup.
You feel a bit more experienced.
You now have 475 gold pieces (gained 8).
You can no longer pass through a line of other dancers.
There is a stone staircase leading down here.
A worker ant comes into view.
You regained 2 hp, and now have 77/83 hp.
A worker ant is nearby!
You barely miss the worker ant. Your claw misses the worker ant.
The worker ant closely misses you.
You scratch the worker ant.
Your plate armour prevents you from hitting the worker ant.
The worker ant bites you but does no damage.
You closely miss the worker ant. The worker ant bites you.
You take 2 damage, and have 75/83 hp.
You claw the worker ant! The worker ant closely misses you.
You scratch the worker ant.
The worker ant bites you but does no damage.
You scratch the worker ant but do no damage.
The worker ant bites you but does no damage.
You mangle the worker ant!!
You kill the worker ant!
No target in view!
No target in view!
No target in view!
No target in view!
No target in view!
No target in view!
No target in view!
No target in view!
A black bear comes into view.
A black bear is nearby!
You completely miss the black bear. You scratch the black bear.
The black bear bites you. The black bear closely misses you.
The black bear claws you but does no damage.
You take 5 damage, and have 71/83 hp.
You claw the black bear!
The black bear bites you but does no damage.
The black bear claws you but does no damage.
You block the black bear's attack.
You mangle the black bear!!
You kill the black bear!
You can now pass through a line of other dancers.
You can no longer pass through a line of other dancers.
a - 2 scrolls of identify (gained 1)
You see here 14 stones.
A two-headed ogre comes into view.
It is wielding a giant club and a giant spiked club.
The two-headed ogre shouts in stereo!
You regained 6 hp, and now have 77/83 hp.
A two-headed ogre is nearby!
A two-headed ogre is nearby!
Aim: a two-headed ogre, wielding a giant club and a giant spiked club (chance to defeat MR: 28%)
Okay, then.
Unknown command.
You see here a scroll of identify.
Okay, then.
Unknown command.
You barely miss the two-headed ogre.
The two-headed ogre hits you but does no damage.
The two-headed ogre hits you with a giant spiked club!!
You take 20 damage, and have 57/83 hp.
MASSIVE DAMAGE!!
You mangle the two-headed ogre!! You claw the two-headed ogre!
You completely miss the two-headed ogre.
The two-headed ogre hits you with a giant club!!
The two-headed ogre hits you with a giant spiked club!
* * * LOW HITPOINT WARNING * * *
You take 37 damage, and have 20/83 hp.
MASSIVE DAMAGE!!
You claw the two-headed ogre!
You can now pass through a line of other dancers.
Okay, then.
You stomp with the beat, sending a shockwave through the revelers around you!
You feel somewhat more hungry.
You can no longer pass through a line of other dancers.
You block the two-headed ogre's attack. The two-headed ogre barely misses you.
You can now pass through a line of other dancers.
You now have 9/12 mp.
You scratch the two-headed ogre.
The two-headed ogre hits you with a giant club!!
You die...

.#.# ## ... #. ..... #..
#. #.... #.# #. #....
#.# #.###....
..#.###.###### #........
#......?.....# #..##.^..
#######O####.###..##....
#@# #.##......... #.#
##.###..#.###. #.# #..#
##.#.##.. #.# #.##
#.#.##.#
#.###.#####.#.##..
#.......(.....##.#
####..##.#.########.#
#......#.#.# #.#
.......#.#.# #.#


You could see a two-headed ogre.

Vanquished Creatures
  A hornet (D:8)
  Prince Ribbit (D:7)
  A hippogriff (D:8)
  Menkaure (D:5)
  A soldier ant (D:8)
  A water moccasin (D:8)
  Purgy (D:4)
  A black bear (D:9)
  An orc warrior (D:5)
  3 sky beasts
  2 ice beasts
  3 centaurs
  4 ogres
  A crocodile (D:7)
  4 bullfrogs
  3 scorpions
  3 killer bees (D:7)
  4 wights (D:7)
  2 bullfrog zombies
  A crimson imp (D:5)
  A centaur zombie (D:5)
  A jelly (D:9)
  3 orc priests
  6 orc wizards
  Crazy Yiuf (D:7)
  A hound (D:3)
  3 centaur skeletons
  Jessica (D:2)
  2 iguanas
  10 worker ants
  2 gnolls (D:2)
  8 adders
  A shadow imp (D:8)
  An adder skeleton (D:5)
  A worm (D:4)
  A dart slug (D:1)
  6 leopard geckos
  13 orcs
  7 bats
  3 giant cockroaches
  11 goblins
  5 hobgoblins (D:1)
  14 jackals
  3 quokkas
  3 frilled lizards (D:3)
  A giant cockroach zombie (D:5)
  7 kobolds
  A quokka skeleton (D:5)
  12 rats
168 creatures vanquished.

Vanquished Creatures (collateral kills)
  An adder (D:5)
  2 orcs (D:5)
3 creatures vanquished.

Vanquished Creatures (others)
  A gnoll (D:2)
  A goblin (D:2)
  A fungus (D:7)
3 creatures vanquished.

Grand Total: 174 creatures vanquished

Notes
Turn   | Place    | Note
-------+----------+-------------------------------------------
     0 | D:1      | mhoghedin the Ghoul Monk began the quest for the Orb.
     0 | D:1      | Reached XP level 1. HP: 19/19 MP: 0/0
    54 | D:1      | Reached XP level 2. HP: 19/26 MP: 1/1
    57 | D:1      | Reached skill level 4 in Unarmed Combat
   255 | D:1      | Reached XP level 3. HP: 29/31 MP: 2/2
   598 | D:2      | Reached skill level 5 in Unarmed Combat
   623 | D:2      | Reached XP level 4. HP: 35/38 MP: 3/3
   658 | D:2      | Noticed Jessica
   672 | D:2      | Killed Jessica
   926 | D:2      | Reached skill level 6 in Unarmed Combat
   929 | D:2      | Reached XP level 5. HP: 22/45 MP: 4/4
  1875 | D:3      | Reached skill level 7 in Unarmed Combat
  2065 | D:4      | Reached XP level 6. HP: 49/51 MP: 5/5
  2078 | D:4      | Noticed galech's ghost (amateur HOFi)
  2726 | D:4      | Reached skill level 8 in Unarmed Combat
  2741 | D:4      | Reached XP level 7. HP: 56/57 MP: 6/6
  2756 | D:4      | Noticed Purgy
  2813 | D:4      | Found Bopracwa's Antique Weapon Emporium.
  2853 | D:4      | Killed Purgy
  2853 | D:4      | Reached skill level 9 in Unarmed Combat
  3070 | D:5      | Entered Level 5 of the Dungeon
  3495 | D:5      | Noticed Menkaure
  3504 | D:5      | Killed Menkaure
  3504 | D:5      | Reached skill level 10 in Unarmed Combat
  3504 | D:5      | Reached XP level 8. HP: 20/62 MP: 7/7
  4328 | D:5      | Found a bloodstained altar of Trog.
  4420 | D:6      | Reached skill level 11 in Unarmed Combat
  4553 | D:6      | Found a stormy altar of Qazlal.
  4554 | D:6      | Noticed an oklob plant
  4675 | D:6      | Found a staircase to the Ecumenical Temple.
  5413 | Temple   | Entered the Ecumenical Temple
  5673 | Temple   | Became a worshipper of Uskayaw the Reveler
  5673 | Temple   | Reached * piety under Uskayaw
  5742 | D:7      | Reached ** piety under Uskayaw
  5751 | D:7      | Reached *** piety under Uskayaw
  5753 | D:7      | Reached skill level 3 in Dodging
  5753 | D:7      | Reached skill level 1 in Invocations
  5768 | D:7      | Reached skill level 1 in Armour
  5782 | D:7      | HP: 12/61 [killer bee (4)]
  5784 | D:7      | Reached skill level 2 in Invocations
  6003 | D:7      | Noticed Prince Ribbit
  6013 | D:7      | Killed Prince Ribbit
  6013 | D:7      | Reached skill level 2 in Armour
  6013 | D:7      | Reached XP level 9. HP: 65/71 MP: 9/9
  6069 | D:7      | Reached skill level 3 in Invocations
  6078 | D:7      | Reached skill level 4 in Fighting
  6128 | D:7      | Reached skill level 4 in Dodging
  6270 | D:7      | Found a hazy altar of Hepliaklqana.
  6365 | D:7      | Reached skill level 3 in Armour
  6370 | D:7      | Reached **** piety under Uskayaw
  6552 | D:7      | Found a runed door.
  6559 | D:7      | Noticed Crazy Yiuf
  6565 | D:7      | Killed Crazy Yiuf
  6628 | D:8      | Found a hazy altar of Hepliaklqana.
  6651 | D:8      | Reached skill level 4 in Invocations
  6747 | D:8      | Reached skill level 5 in Fighting
  7106 | D:8      | Reached skill level 4 in Armour
  7106 | D:8      | Reached XP level 10. HP: 66/81 MP: 12/12
  7145 | D:8      | Reached skill level 5 in Dodging
  7300 | D:8      | Reached skill level 5 in Invocations
  7663 | D:9      | Noticed a two-headed ogre
  7670 | D:9      | HP: 20/83 [two-headed ogre/giant club (17)]
  7673 | D:9      | Slain by a two-headed ogre

Vault maps used:
D:1:      minmay_arrival_solitary_statue
D:2:      uniq_jessica
D:3:      minmay_tree_intersection, st_stairs_14
D:4:      first_ration, serial_shops, kennysheep_mini_moat, serial_glass,
          glass_columns_a, glass_columns_a, glass_columns_a, glass_columns_c,
          glass_columns_a, glass_columns_b, uniq_purgy
D:5:      lemuel_tele_altar, uniq_menkaure
D:6:      minmay_temple_entry_overgrown, lemuel_oklob_altar
D:7:      lemuel_coloured_pillars_altar, item_on_display_a, uniq_prince_ribbit1,
          uniq_crazy_yiuf_cottage
D:8:      basic_altar, hangedman_pestilent_swarm
D:9:      uniq_maurice
Temple:   roderic_octagonal_lattice_temple

Skill      XL: |  1  2  3  4  5  6  7  8  9 10 |
---------------+-------------------------------+-----
Unarmed Combat | 4 5 6 7 8 10 11 | 11.9
Dodging        | 3 4 5 |  5.3
Invocations    | 2 4 5 |  5.3
Armour         | 2 4 |  4.4
Fighting       | 5 |  5.9
Stealth        | |  2.1

Action                   |  1- 3 |  4- 6 |  7- 9 | 10-12 || total
-------------------------+-------+-------+-------+-------++-------
Melee: Unarmed           |   108 |   120 |   282 |    69 ||   579
       Punch             |     1 |     3 |    14 |     3 ||    21
Invok: Stomp             |       |       |     3 |     1 ||     4
       Line Pass         |       |       |     1 |       ||     1
Evoke: Wand              |       |     3 |    18 |       ||    21
  Use: Scroll            |     5 |     5 |     9 |       ||    19
       Potion            |       |     1 |     4 |       ||     5
 Stab: Sleeping          |     1 |     6 |     2 |       ||     9
       Distracted        |     1 |       |       |       ||     1
       Invisible         |       |     2 |       |       ||     2
       Paralysed         |       |       |     4 |     1 ||     5
  Eat: Chunk             |    12 |     8 |    20 |     5 ||    45
       Ration            |       |       |     2 |       ||     2
Armor: Robe              |    26 |    28 |    23 |       ||    77
       Plate armour      |       |       |   106 |    38 ||   144
Dodge: Dodged            |    65 |    67 |   121 |    19 ||   272
Block: Other             |       |     6 |    17 |     5 ||    28
       Reflection        |       |     2 |       |       ||     2

Table legend:
 A = Spawn XP
 B = Non-spawn XP
 C = Spawn XP percentage of total XP
 D = Spawn monster count
 E = Non-spawn monster count
 F = Spawn count percentage of total count
 G = Total turns spent on level
                    A         B        C        D         E        F      G
               +---------+---------+-------+---------+---------+-------+---------
         Total |       0 |    5828 |   0.0 |       0 |     173 |   0.0 |  7673
               +---------+---------+-------+---------+---------+-------+---------
           D:1 |       0 |      62 |   0.0 |       0 |      34 |   0.0 |   575
           D:2 |       0 |     128 |   0.0 |       0 |      15 |   0.0 |   781
           D:3 |       0 |     117 |   0.0 |       0 |      25 |   0.0 |   720
           D:4 |       0 |     566 |   0.0 |       0 |      11 |   0.0 |   994
           D:5 |       0 |     680 |   0.0 |       0 |      16 |   0.0 |  1336
           D:6 |       0 |     260 |   0.0 |       0 |       9 |   0.0 |  1038
           D:7 |       0 |    1584 |   0.0 |       0 |      28 |   0.0 |   870
           D:8 |       0 |    1972 |   0.0 |       0 |      30 |   0.0 |   974
           D:9 |       0 |     459 |   0.0 |       0 |       5 |   0.0 |   100
               +---------+---------+-------+---------+---------+-------+---------

Vault maps used:
D:1:      minmay_arrival_solitary_statue
D:2:      uniq_jessica
D:3:      minmay_tree_intersection, st_stairs_14
D:4:      first_ration, serial_shops, kennysheep_mini_moat, serial_glass,
          glass_columns_a, glass_columns_a, glass_columns_a, glass_columns_c,
          glass_columns_a, glass_columns_b, uniq_purgy
D:5:      lemuel_tele_altar, uniq_menkaure
D:6:      minmay_temple_entry_overgrown, lemuel_oklob_altar
D:7:      lemuel_coloured_pillars_altar, item_on_display_a, uniq_prince_ribbit1,
          uniq_crazy_yiuf_cottage
D:8:      basic_altar, hangedman_pestilent_swarm
D:9:      uniq_maurice
Temple:   roderic_octagonal_lattice_temple

Table legend:
 A = Turns spent in this place as a percentage of turns spent in the entire game.
 B = Non-inter-level travel turns spent in this place as a percentage of non-inter-level travel turns spent in the entire game.
 C = Inter-level travel turns spent in this place as a percentage of turns spent in this place.
 D = Turns resting spent in this place as a percentage of non-inter-level travel turns spent in this place.
 E = Turns spent auto-exploring this place as a percentage of non-inter-level travel turns spent in this place.
 F = Non-inter-level travel turns spent in this place divided by the number of levels of this place that you've seen.
                   A       B       C       D       E      F
               +-------+-------+-------+-------+-------+----------------------
         Total | 100.0 | 100.0 |   4.5 |  19.1 |  59.0 | 732.8
       Dungeon |  96.3 |  96.9 |   3.9 |  19.7 |  57.7 | 789.2
        Temple |   3.7 |   3.1 |  21.1 |   0.0 |  99.6 | 225.0
               +-------+-------+-------+-------+-------+----------------------

Table legend:
 A = Kills in this place as a percentage of kills in entire the game.
 B = Kills by you in this place as a percentage of kills by you in the entire game.
 C = Kills by friends in this place as a percentage of kills by friends in the entire game.
 D = Other kills in this place as a percentage of other kills in the entire game.
 E = Experience gained in this place as a percentage of experience gained in the entire game.
 F = Experience gained in this place divided by the number of levels of this place that you have seen.
                   A       B       C       D       E      F
               +-------+-------+-------+-------+-------+----------------------
         Total | 100.0 | 100.0 | 100.0 | 100.0 | 100.0 | 582.8
       Dungeon | 100.0 | 100.0 | 100.0 | 100.0 | 100.0 | 647.6
               +-------+-------+-------+-------+-------+----------------------
